 Dungeon Crawl Stone Soup version 0.20.1-1-g8b1a95d (webtiles) character file.

39897 MJtheKandyman the Markscentaur (level 13, -9/91 HPs)
             Began as a Centaur Hunter on Dec 25, 2017.
             Was a High Priest of Okawaru.
             Mangled by a blink frog (15 damage)
             ... on level 3 of the Lair of Beasts.
             The game lasted 03:49:54 (28130 turns).

MJtheKandyman the Markscentaur (Centaur Hunter)    Turns: 28130, Time: 03:49:56

Health: -9/91      AC: 15    Str: 19    XL:     13   Next: 71%
Magic:  13/13      EV:  7    Int: 10    God:    Okawaru [*****.]
Gold:   572        SH:  2    Dex: 11    Spells: 4/12 levels left

rFire    . . .     SeeInvis +   a - +2 longbow (freeze)
rCold    + . .     Gourm    .   (shield currently unavailable)
rNeg     . . .     Faith    .   c - +2 leather armour
rPois    +         Spirit   .   b - +2 helmet {SInv}
rElec    .         Reflect  +   E - +0 cloak
rCorr    .         Harm     .   D - +0 pair of gloves
MR       .....                  o - +0 centaur barding {rC+}
Stlth    +.........             g - +2 amulet of reflection
Regen    0.3/turn               (no ring)
MPRegen  0.2/turn               L - ring of poison resistance

@: invisible, very quick
A: hooves 3, deformed body, speed 2, tough skin 3
a: Heroism, Finesse, Renounce Religion


You were on level 3 of the Lair of Beasts.
You worshipped Okawaru.
Okawaru was extremely pleased with you.
You were not hungry.

You visited 4 branches of the dungeon, and saw 17 of its levels.

You collected 1062 gold pieces.
You spent 490 gold pieces at shops.

Inventory:

Hand Weapons
 a - a +2 longbow of freezing (weapon)
 d - a +2 spear of flaming
 r - a +1 spear of venom
 s - a +5 trident
 M - a +4 spear of freezing
 U - a +2 shortbow of freezing
Missiles
 A - 315 arrows (quivered)
Armour
 b - a +2 helmet of see invisible (worn)
 c - a +2 leather armour (worn)
 o - a +0 centaur barding of cold resistance (worn)
 t - a +2 helmet
 y - a +2 robe of magic resistance
 z - a +1 robe of the Archmagi
 D - a +0 pair of gloves (worn)
 E - a +0 cloak (worn)
 V - a +1 leather armour of cold resistance
Jewellery
 g - a +2 amulet of reflection (around neck)
 B - an uncursed ring of see invisible
 L - a ring of poison resistance (right hand)
Wands
 h - a wand of lightning (7/15)
 u - a wand of digging (10/24)
 v - a wand of polymorph (12/24)
 w - a wand of flame (48/48)
 C - a wand of polymorph (12/24)
 F - a wand of confusion (27/48)
 T - a wand of acid (4/15)
Scrolls
 n - 12 scrolls of teleportation
 x - 5 scrolls of remove curse
 G - 2 scrolls of magic mapping
 H - a scroll of enchant armour
 J - 2 scrolls of fear
 P - a scroll of blinking
 Q - a scroll of recharging
 X - 2 scrolls of enchant weapon
 Y - 4 scrolls of fog
Potions
 e - a potion of haste
 i - 2 potions of magic
 l - a potion of invisibility
 m - 3 potions of curing
 p - a potion of brilliance
 q - a potion of lignification
 I - 2 potions of berserk rage
 K - a potion of flight
 N - a potion of heal wounds
 O - a potion of might
Comestibles
 f - 15 bread rations
 k - 4 meat rations
 W - 5 fruits


   Skills:
 - Level 2.0 Fighting
 - Level 10.8 Polearms
 + Level 19.1 Bows
 - Level 1.5 Dodging
 - Level 0.4 Stealth
 - Level 10.2 Conjurations
 - Level 5.5 Translocations


You had 4 spell levels left.
You knew the following spells:

 Your Spells              Type           Power        Failure   Level  Hunger
a - Blink                 Tloc           N/A          7%          2    ###....
b - Conjure Flame         Conj/Fire      ##......     17%         3    ####...
c - Mephitic Cloud        Conj/Pois/Air  #.......     32%         3    ####...


Dungeon Overview and Level Annotations

Branches:
Dungeon (11/15)            Temple (1/1) D:4            Lair (4/6) D:8
    Orc (1/2) D:11
  Swamp: Lair:2-4    Shoals: Lair:2-4     Snake: Lair:2-4    Spider: Lair:2-4

Altars:
Ashenzari
Cheibriados
Dithmenos
Elyvilon
Fedhas
Gozag
Hepliaklqana
Kikubaaqudgha
Makhleb
Nemelex Xobeh
Okawaru
Qazlal
Ru
Sif Muna
Trog
Uskayaw
Vehumet
Xom
Yredelemnul
Zin
The Shining One

Shops:
D:4 =   D:8 [   D:10 :   D:11 :*([[=(

Annotations:
D:4 D4 ring of flight & resist corrosion in shop, Dowan, Duvessa
D:10 Spellbook shop, 2 exclusions
D:11 Ring of rF, Armour rF rC
Lair:3 exclusion: 2 oklob plants
Lair:4 Nessos


Innate Abilities, Weirdness & Mutations

You have hooves in place of feet.
Armour fits poorly on your strangely shaped body.
You cover ground very quickly.
You have extremely tough skin. (AC +3)


Message History

Firing (i - inventory):
A - 317 arrows (quivered)
Press: ? - help, Shift-Dir - straight line, f/p - blink frog
Aim: a blink frog (moderately wounded)
You shoot an arrow. The arrow misses the blink frog.
The blink frog blinks!
Firing (i - inventory):
A - 316 arrows (quivered)
Press: ? - help, Shift-Dir - straight line, f/p - blink frog
Aim: a blink frog (moderately wounded)
You shoot an arrow. The arrow misses the blink frog.
You see here 28 sling bullets.
The blink frog hits you!!
* * * LOW HITPOINT WARNING * * *
The blink frog blinks!
The blink frog blinks!
You fade into invisibility!
The blink frog hits you!
* * * LOW HITPOINT WARNING * * *
The blink frog hits you.
* * * LOW HITPOINT WARNING * * *
The blink frog hits you!
You die...

.............######.#
..........##..##(..##
....#.##..##...#....#
......##P.###..#....#
.......##>.#...#....#
.##.................#
#............##.....#
............#.#.F...#
..#...........#.@...##
........###..##§F....#
...#..###.#..#.......##
...##.#.....##.#..>...#
....#.###.P.#..#.#....#
.......##.P.#........##
.P.........#..#..##..#
.............#..####.#
............##....#..#


You could see 2 blink frogs.

Vanquished Creatures
  Snorg (Lair:3)
  Erica (D:8)
  A queen ant (D:11)
  2 two-headed ogres
  3 death yaks (Lair:2)
  Sonja (Lair:2)
  An unseen horror (D:11)
  2 ugly things
  3 elephants (Lair:2)
  A black mamba (Lair:1)
  2 spiny frogs
  Psyche (D:11)
  10 komodo dragons
  A rime drake (Lair:1)
  A troll (D:11)
  4 blink frogs
  6 hippogriffs
  A spriggan (D:8)
  12 yaks
  The ghost of Hylith the Chopper, an amateur MiBe of Trog (D:5)
  A steam dragon (Lair:2)
  Grum (D:8)
  3 basilisks
  Menkaure (D:6)
  6 soldier ants (D:11)
  Edmund (D:6)
  5 water moccasins
  2 porcupines
  5 ice beasts
  5 black bears
  2 orc warriors (D:11)
  A necrophage (D:7)
  5 phantoms
  3 sky beasts
  15 wolves
  9 ogres
  12 centaurs
  5 crocodiles
  5 big kobolds
  13 bullfrogs
  2 gnoll sergeants (D:8)
  A wyvern zombie (D:10)
  5 scorpions
  7 wights
  An electric eel (Lair:3)
  9 howler monkeys
  4 crimson imps
  4 bullfrog zombies
  2 quasits
  3 hounds
  13 orc priests
  Crazy Yiuf (D:3)
  2 centaur skeletons
  7 iguanas
  17 orc wizards
  3 bullfrog skeletons
  Ijyb (D:4)
  26 worker ants
  A killer bee zombie (D:8)
  2 hound zombies
  A worker ant zombie (D:7)
  12 gnolls
  11 adders
  2 shadow imps (D:6)
  An adder skeleton (D:7)
  3 worms
  4 dart slugs (D:1)
  11 leopard geckos
  37 orcs
  2 ball pythons
  7 bats
  2 giant cockroaches
  3 goblins
  15 hobgoblins
  13 jackals
  27 kobolds
  4 quokkas
  4 frilled lizards
  2 goblin zombies (D:7)
  A leopard gecko skeleton (D:5)
  A quokka zombie (D:9)
  4 rats
  3 fungi (Lair:2)
  A plant (Lair:2)
  A withered plant (D:6)
438 creatures vanquished.

Vanquished Creatures (others)
  An orc warrior (D:11)
  2 fungi (Lair:3)
  2 plants
  A withered plant (D:6)
6 creatures vanquished.

Grand Total: 444 creatures vanquished

Notes
Turn   | Place    | Note
-------+----------+-------------------------------------------
     0 | D:1      | MJtheKandyman the Centaur Hunter began the quest for the Orb.
     0 | D:1      | Reached XP level 1. HP: 17/17 MP: 1/1
   185 | D:1      | Reached XP level 2. HP: 15/24 MP: 2/2
   478 | D:1      | Reached skill level 6 in Bows
   894 | D:1      | Reached XP level 3. HP: 27/29 MP: 3/3
  1212 | D:2      | Found a shimmering altar of Xom.
  2110 | D:3      | Reached skill level 1 in Polearms
  2278 | D:3      | Found a runed door.
  2330 | D:3      | Noticed Crazy Yiuf
  2516 | D:3      | Killed Crazy Yiuf
  2516 | D:3      | Reached skill level 7 in Bows
  2516 | D:3      | Reached XP level 4. HP: 36/36 MP: 4/4
  2843 | D:4      | Found a staircase to the Ecumenical Temple.
  2865 | Temple   | Entered the Ecumenical Temple
  3016 | Temple   | Became a worshipper of Warmaster Okawaru
  3123 | D:4      | Noticed Ijyb
  3135 | D:4      | Killed Ijyb
  3135 | D:4      | Reached XP level 5. HP: 41/41 MP: 5/5
  3386 | D:4      | Found Lose's Jewellery Boutique.
  3649 | D:4      | Reached skill level 8 in Bows
  3825 | D:4      | Noticed Duvessa
  3825 | D:4      | Noticed Dowan
  4267 | D:4      | Reached XP level 6. HP: 48/48 MP: 6/6
  4503 | D:4      | Reached * piety under Okawaru
  5071 | D:5      | Entered Level 5 of the Dungeon
  5086 | D:5      | Noticed a sky beast
  5534 | D:5      | Found a hide-covered altar of Uskayaw.
  5784 | D:5      | Noticed Hylith's ghost (amateur MiBe)
  5925 | D:5      | Killed Hylith's ghost
  5925 | D:5      | Reached skill level 9 in Bows
  5925 | D:5      | Reached XP level 7. HP: 55/55 MP: 7/7
  6409 | D:5      | Reached ** piety under Okawaru
  6891 | D:5      | Reached skill level 5 in Polearms
  6891 | D:5      | Reached skill level 10 in Bows
  7277 | D:6      | Found a bloodstained altar of Trog.
  7277 | D:6      | Found an ancient bone altar of Kikubaaqudgha.
  7277 | D:6      | Found a sacrificial altar of Ru.
  7278 | D:6      | Found a white marble altar of Elyvilon.
  7278 | D:6      | Found a sparkling altar of Nemelex Xobeh.
  7278 | D:6      | Noticed Edmund
  7346 | D:6      | Killed Edmund
  7346 | D:6      | Reached XP level 8. HP: 61/61 MP: 8/8
  7419 | D:6      | Found a hide-covered altar of Uskayaw.
  7420 | D:6      | Found a blossoming altar of Fedhas.
  7421 | D:6      | Found a shattered altar of Ashenzari.
  8096 | D:6      | Reached skill level 11 in Bows
  8752 | D:6      | Reached *** piety under Okawaru
  8816 | D:6      | Reached skill level 12 in Bows
  9281 | D:6      | Noticed Menkaure
  9299 | D:6      | Killed Menkaure
  9299 | D:6      | Reached XP level 9. HP: 42/67 MP: 9/9
 10060 | D:6      | Found a basalt altar of Yredelemnul.
 10531 | D:7      | Noticed a purple ugly thing
 10564 | D:7      | Killed a purple ugly thing
 10564 | D:7      | Reached skill level 13 in Bows
 10604 | D:7      | Found a shadowy altar of Dithmenos.
 10649 | D:7      | Found a deep blue altar of Sif Muna.
 10704 | D:7      | Received a gift from Okawaru
 11084 | D:7      | Reached **** piety under Okawaru
 11968 | D:7      | Received a gift from Okawaru
 12377 | D:8      | Reached XP level 10. HP: 45/73 MP: 10/10
 12558 | D:7      | Reached skill level 14 in Bows
 12595 | D:8      | Noticed Grum
 12679 | D:8      | Killed Grum
 12941 | D:8      | Noticed Erica
 14471 | D:8      | Received a gift from Okawaru
 14661 | D:8      | Found a staircase to the Lair.
 15105 | D:8      | Reached skill level 10 in Polearms
 15168 | D:8      | Found Hiwnauwaets's Armour Boutique.
 15210 | D:8      | Noticed a two-headed ogre
 15231 | D:8      | Killed a two-headed ogre
 15231 | D:8      | Reached skill level 15 in Bows
 17135 | D:9      | Reached XP level 11. HP: 79/79 MP: 11/11
 17307 | D:10     | Entered Level 10 of the Dungeon
 17708 | D:10     | Found Toyczigyxyu's Book Boutique.
 17863 | D:10     | Received a gift from Okawaru
 17965 | D:10     | Learned a level 2 spell: Blink
 17969 | D:10     | Learned a level 3 spell: Conjure Flame
 17973 | D:10     | Learned a level 3 spell: Mephitic Cloud
 18130 | D:10     | Noticed a brown ugly thing
 18231 | D:10     | Reached skill level 1 in Conjurations
 18231 | D:10     | Reached skill level 1 in Translocations
 18323 | D:10     | Killed a brown ugly thing
 18955 | D:11     | Found Pexkuen's Antique Weapon Shop.
 18974 | D:11     | Found Dila's Jewellery Shop.
 18983 | D:11     | Bought a +2 amulet of reflection for 105 gold pieces
 18983 | D:11     | Bought an uncursed ring of poison resistance for 280 gold pieces
 19296 | D:11     | Noticed a queen ant
 19316 | D:11     | Reached ***** piety under Okawaru
 19484 | D:11     | Killed a queen ant
 19484 | D:11     | Received a gift from Okawaru
 19805 | D:11     | Found Esiffo's Armour Emporium.
 20404 | D:11     | Noticed Psyche
 20437 | D:11     | Killed Psyche
 20531 | D:11     | Received a gift from Okawaru
 20572 | D:11     | Noticed an unseen horror
 20588 | D:11     | Killed an unseen horror
 20588 | D:11     | Reached skill level 5 in Conjurations
 20732 | D:11     | Found Ociwij's Weapon Boutique.
 20734 | D:11     | Found a staircase to the Orcish Mines.
 20736 | D:11     | Found Deusujek's Armour Boutique.
 20767 | D:11     | Reached skill level 5 in Translocations
 20900 | D:11     | Received a gift from Okawaru
 21000 | D:11     | Found Ciotow's General Store.
 21013 | D:11     | Bought a scroll of enchant weapon for 105 gold pieces
 21017 | D:11     | Noticed a two-headed ogre
 21029 | D:11     | Killed a two-headed ogre
 21121 | D:11     | Found Ejeuff's Book Shop.
 21392 | Orc:1    | Entered Level 1 of the Orcish Mines
 21397 | Orc:1    | Noticed an orc high priest
 21400 | Orc:1    | Noticed a sun demon
 21401 | Orc:1    | Noticed a sun demon
 21474 | D:8      | Killed Erica
 21474 | D:8      | Received a gift from Okawaru
 22137 | D:8      | Reached XP level 12. HP: 85/85 MP: 12/12
 22208 | D:8      | Identified a scroll of acquirement
 22275 | Lair:1   | Entered Level 1 of the Lair of Beasts
 22453 | Lair:1   | Reached XP level 13. HP: 91/91 MP: 13/13
 22593 | Lair:1   | Reached skill level 16 in Bows
 22654 | Lair:1   | Reached skill level 10 in Conjurations
 23580 | Lair:2   | Received a gift from Okawaru
 23823 | Lair:2   | Noticed Sonja
 23947 | Lair:2   | Killed Sonja
 24167 | Lair:2   | Reached skill level 17 in Bows
 24948 | Lair:3   | Noticed Snorg
 25033 | Lair:2   | Received a gift from Okawaru
 25486 | Lair:2   | Reached skill level 18 in Bows
 26260 | Lair:3   | Killed Snorg
 27607 | Lair:3   | Reached skill level 19 in Bows
 27977 | Lair:4   | Noticed Nessos
 28130 | Lair:3   | Mangled by a blink frog

Skill      XL: |  1  2  3  4  5  6  7  8  9 10 11 12 13 |
---------------+----------------------------------------+-----
Bows           | 6 7 8 9 10 12 13 15 19 | 19.1
Polearms       | 1 2 3 4 5 7 9 10 | 10.8
Conjurations   | 9 10 | 10.2
Translocations | 5 |  5.5
Fighting       | |  2.0
Dodging        | |  1.5
Stealth        | |  0.4

Action                   |  1- 3 |  4- 6 |  7- 9 | 10-12 | 13-15 || total
-------------------------+-------+-------+-------+-------+-------++-------
Melee: Short sword       |    44 |       |       |       |       ||    44
       Kick              |     9 |    12 |    31 |    17 |    19 ||    88
       Spear             |    40 |   110 |   190 |   198 |       ||   538
       Trident           |       |       |    22 |    19 |    71 ||   112
       Shortbow          |       |       |       |     1 |       ||     1
       Longbow           |       |       |       |       |     1 ||     1
 Fire: Shortbow          |    47 |   113 |   355 |   790 |       ||  1305
       Longbow           |       |       |       |    52 |   413 ||   465
Throw: Stone             |     1 |     2 |       |       |       ||     3
 Cast: Blink             |       |       |       |     1 |       ||     1
       Conjure Flame     |       |       |       |       |    13 ||    13
Invok: Heroism           |       |       |     3 |     2 |     1 ||     6
  Use: Scroll            |       |     8 |     4 |    15 |       ||    27
       Potion            |       |       |     3 |    17 |     3 ||    23
  Eat: Chunk             |     3 |     5 |     3 |    18 |    11 ||    40
       Royal jelly       |       |     1 |       |       |     3 ||     4
       Meat ration       |       |     1 |     2 |     1 |       ||     4
       Fruit             |       |       |       |     2 |     1 ||     3
Armor: Leather armour    |    27 |    33 |    34 |    56 |    70 ||   220
Dodge: Dodged            |    28 |    16 |    38 |    68 |    46 ||   196
Block: Other             |       |       |       |     7 |     4 ||    11
       Reflection        |       |       |       |     2 |       ||     2
